AoeStats
← Gregory176144

Arabia

510472801Analyzed
1v1 RM · 19h ago on Oct 1, 2026· 45m 47s· 2 players
Game mode
Random Map
Map size
Tiny (2 player)
Population
200
Speed
Normal
Resources
Standard
Victory
Conquest
Starting age
Dark Age
Ending age
Imperial Age
RankedLock teamsTeams togetherTeam positionsShared explorationLock speedFull tech treeHidden civsTurbo modeCheats
Victory
Defeat
🇦🇷 Britons · Argentina
1386
+16
🇭🇰 Koreans · Hong Kong SAR China
1396
-16
Gregory176144
8:26 Feudal Age
8:54 Double-Bit Axe
9:29 Horse Collar
14:38 Wheelbarrow
14:42 Loom
17:36 Castle Age
19:24 Bow Saw
21:01 Hand Cart
20:46 Treadmill Crane
27:35 Gold Mining
28:03 Fletching
28:39 Bodkin Arrow
29:15 Ballistics
30:22 Padded Archer Armor
31:27 Yeomen
32:18 Leather Archer Armor
36:08 Imperial Age
34:43 Scale Barding Armor
34:49 Forging
35:47 Chain Barding Armor
35:46 Husbandry
35:06 Light Cavalry
37:28 Plate Barding Armor
38:01 Iron Casting
40:08 Bracer
41:08 Blast Furnace
44:04 Ring Archer Armor
44:24 Capped Ram
44:58 Crossbowman
47:20 Chemistry
46:21 Scale Mail Armor
小米加步槍
6:39 Loom
9:03 Feudal Age
10:01 Double-Bit Axe
14:26 Fletching
17:42 Gold Mining
23:36 Castle Age
23:44 Crossbowman
24:20 Bodkin Arrow
25:14 Wheelbarrow
24:52 Bow Saw
25:19 Horse Collar
25:43 Squires
32:39 Imperial Age
31:10 Elite Skirmisher
31:56 Thumb Ring
34:28 Bracer
36:33 Chemistry
36:35 Ballistics
37:58 Conscription
37:37 Arbalester
38:41 Pikeman
Connection lost

Rejoining the realm…

Still unreachable

The connection could not be restored.

Session expired

The server has moved on; the page needs a fresh start.